 Dungeon Crawl Stone Soup version 0.30-b1-2-g02819fbbbe (webtiles) character file.

Game seed: 7603196061299924955

618 Angani the Prestidigitator (level 7, 0/37 HPs)
             Began as a Deep Elf Artificer on May 11, 2023.
             Succumbed to a water moccasin's poison
             ... on level 4 of the Dungeon.
             The game lasted 00:07:59 (3618 turns).

Angani the Prestidigitator (Deep Elf Artificer)     Turns: 3618, Time: 00:08:00

Health: 0/37       AC:  6    Str:  9    XL:     7   Next: 21%
Magic:  5/14       EV: 12    Int: 18    God:
Gold:   158        SH:  5    Dex: 15    Spells: 12/13 levels left

rFire   . . .        c - +0 shortbow
rCold   . . .        (shield currently unavailable)
rNeg    . . .        b - +0 leather armour
rPois   .            (no helmet)
rElec   .            (no cloak)
rCorr   .            a - +2 pair of gloves
SInv    .            (no boots)
Will    .....        j - amulet of reflection
Stlth   ++           q - ring of flight
HPRegen 0.26/turn    (no ring)
MPRegen 0.14/turn

%: reflection
@: lethally poisoned (0 -> -6), flying, very slightly contaminated, studying
Long Blades
A: no striking features
a: no special abilities


You were on level 4 of the Dungeon.
You visited 1 branch of the dungeon, and saw 7 of its levels.

You collected 158 gold pieces.

Inventory:

Hand Weapons
 c - a +0 shortbow (weapon)
Armour
 a - a +2 pair of gloves (worn)
 b - a +0 leather armour (worn)
 i - a +0 pair of gloves
Jewellery
 j - an amulet of reflection (around neck)
 q - a ring of flight (left hand)
Wands
 d - a wand of charming (6)
Scrolls
 h - a scroll of magic mapping
 k - a scroll of silence
 m - 2 scrolls of enchant armour
 o - 2 scrolls of blinking {unknown}
 p - a scroll of immolation {unknown}
 r - 2 scrolls of noise {unknown}
Potions
 n - a potion of attraction


   Skills:
 - Level 0.7 Fighting
 - Level 0.7 Armour
 - Level 2.4 Dodging
 - Level 1.2 Stealth
 + Level 3.5 Spellcasting
 + Level 2.8 Earth Magic
 - Level 8.0 Evocations


You had 12 spell levels left.
You knew the following spells:

 Your Spells              Type           Power      Damage    Failure   Level
a - Sandblast             Erth           26%        2d8       7%          1

Your spell library contained the following spells:

 Spells                   Type           Power      Damage    Failure   Level
 Passwall                 Tmut/Erth      6%         N/A       19%         2
 Freeze                   Ice            12%        1d3       22%         1
 Ensorcelled Hibernation  Hex/Ice        6%         N/A       32%         2
 Stone Arrow              Conj/Erth      16%        3d8       34%         3
 Frozen Ramparts          Ice            6%         1d1       54%         3
 Hailstorm                Conj/Ice       3%         3d3       54%         3
 Swiftness                Air            3%         N/A       54%         3


Dungeon Overview and Level Annotations

Branches:
Dungeon (7/15)
 Temple: D:4-7

Altars:
Trog

Shops:
D:2 =

Annotations:
D:5 Ijyb


Message History

Casting: Sandblast (safe; 10% risk of failure)
Confirm with . or Enter, or press ? or * to list all spells.
Aiming: Sandblast (safe; 10% risk of failure)
Press: ? - help, Shift-Dir - straight line, f/p - water moccasin
Aim: a water moccasin (severely wounded, 68% to hit)
The blast of sand misses the water moccasin.
You feel very sick. The water moccasin barely misses you.
The water moccasin bites you!
You are lethally poisoned!
The water moccasin poisons you!
Casting: Sandblast (safe; 10% risk of failure)
Confirm with . or Enter, or press ? or * to list all spells.
Aiming: Sandblast (safe; 10% risk of failure)
Press: ? - help, Shift-Dir - straight line, f/p - water moccasin
Aim: a water moccasin (severely wounded, 68% to hit)
The blast of sand hits the water moccasin.
The water moccasin is almost dead.
* * * LOW HITPOINT WARNING * * *
You feel very sick. The water moccasin bites you.
* * * LOW HITPOINT WARNING * * *
The water moccasin bites you but does no damage.
Okay, then.
Casting: Sandblast (safe; 10% risk of failure)
Confirm with . or Enter, or press ? or * to list all spells.
Aiming: Sandblast (safe; 10% risk of failure)
Press: ? - help, Shift-Dir - straight line, f/p - water moccasin
Aim: a water moccasin (almost dead, 68% to hit)
The blast of sand hits the water moccasin!
You kill the water moccasin!
* * * LOW HITPOINT WARNING * * *
You feel very sick.
Your Spellcasting skill increases to level 3!
You have reached level 7!
Unknown command.
Okay, then.
There is a lethal amount of poison in your body!
* * * LOW HITPOINT WARNING * * *
You feel sick.
You die...

...........$
...##....... .. ...#
.)..... .. ...#
#'##... #. ...# .#
.. #.### ..... .# .
#...#
.......#......#<..#
.......#......#...#
#..###.# #...# #@#
...###'###...###.###
...................#
#..................#
#...............†..#
.............†.)...#
#.#'######....##..##
#.#.# #..<.##..#
.......)..........!#


There were no monsters in sight!

Vanquished Creatures
  A water moccasin (D:4)
  A centaur (D:4)
  A scorpion (D:4)
  2 hounds
  An orc priest (D:3)
  A jelly (D:5)
  A sleepcap (D:3)
  A gnoll (D:4)
  6 adders
  A white imp (D:5)
  An ufetubus (D:3)
  A worm (D:3)
  A dart slug (D:1)
  5 orcs
  6 ball pythons
  6 endoplasms
  A giant cockroach (D:1)
  4 goblins
  8 hobgoblins
  A jackal (D:4)
  3 quokkas
  4 bats
  11 kobolds
  5 rats (D:1)
73 creatures vanquished.

Vanquished Creatures (collateral kills)
  A hound (D:4)
  2 gnolls (D:4)
  2 adders (D:4)
  An orc (D:3)
  An endoplasm (D:4)
  2 jackals (D:4)
  A kobold (D:4)
10 creatures vanquished.

Vanquished Creatures (others)
  A centaur (D:4)
  A gnoll bouda (D:4)
  A gnoll (D:4)
  A kobold (D:4)
  53 plants (D:4)
57 creatures vanquished.

Grand Total: 140 creatures vanquished

Notes
Turn   | Place    | Note
-------+----------+-------------------------------------------
     0 | D:1      | Angani the Deep Elf Artificer began the quest for the Orb.
     0 | D:1      | Reached XP level 1. HP: 11/11 MP: 3/3
   279 | D:1      | Reached skill level 4 in Evocations
   279 | D:1      | Reached XP level 2. HP: 16/16 MP: 4/4
  1120 | D:2      | Reached XP level 3. HP: 20/20 MP: 5/5
  1186 | D:2      | Found Ycseufue's Jewellery Emporium.
  1250 | D:2      | HP: 1/20 [poisoned by an adder]
  1347 | D:2      | Reached skill level 5 in Evocations
  1575 | D:3      | Reached XP level 4. HP: 24/24 MP: 6/6
  1751 | D:3      | Reached skill level 6 in Evocations
  2349 | D:3      | Identified the +3 dagger "Yplan" {heavy, rElec SInv}
  2509 | D:4      | Found a bloodstained altar of Trog.
  2516 | D:3      | Reached XP level 5. HP: 16/28 MP: 7/7
  2576 | D:4      | Noticed a centaur
  2584 | D:4      | Noticed a centaur
  2598 | D:4      | Killed a centaur
  2599 | D:4      | Reached skill level 7 in Evocations
  2603 | D:4      | Reached XP level 6. HP: 8/33 MP: 8/8
  2692 | D:3      | Reached skill level 8 in Evocations
  2793 | D:4      | You are sucked into a shaft and drop 3 floors!
  2815 | D:6      | Noticed a steam dragon
  2880 | D:7      | Learned a level 1 spell: Sandblast
  2899 | D:5      | Entered Level 5 of the Dungeon
  2951 | D:5      | HP: 1/33 [acid (9)]
  2954 | D:5      | Reached skill level 1 in Spellcasting
  3169 | D:5      | Reached skill level 1 in Earth Magic
  3309 | D:5      | Noticed Ijyb
  3510 | D:4      | Noticed a water moccasin
  3616 | D:4      | Killed a water moccasin
  3617 | D:4      | Reached XP level 7. HP: 2/37 MP: 5/14
  3617 | D:4      | HP: 1/37 [poisoned by a water moccasin]
  3618 | D:4      | Succumbed to a water moccasin's poison

Illustrated notes

Levels and vault maps discovered:
D:1:      kilobyte_arrival_exit_the_forest, layout_loops_ring, st_stairs_8,
          minivault_5
D:2:      layout_rooms, serial_shops, shop, minmay_pentomino_w2
D:3:      layout_basic, minivault_23
D:4:      layout_gridville, mainiacjoe_overflow_catch_the_wave, temple_pool_b,
          minmay_manual_mares
D:5:      layout_loops_cross, uniq_ijyb
D:6:      layout_cave_pools, uniq_duvessa, uniq_edmund
D:7:      layout_rooms, serial_shops, kennysheep_mini

Skill      XL: |  1  2  3  4  5  6 |
---------------+-------------------+-----
Evocations     | 4 5 6 7 8 |  8.0
Spellcasting   | 3 |  3.5
Earth Magic    | 2 |  2.8
Fighting       | |  0.7
Armour         | |  0.7
Dodging        | |  2.4
Stealth        | |  1.2

Action                     |  1- 3 |  4- 6 |  7- 9 || total
---------------------------+-------+-------+-------++-------
  Melee: Club              |     6 |       |       ||     6
         Shortbow          |       |     1 |       ||     1
   Fire: Sling             |   122 |    90 |       ||   212
         Shortbow          |       |    34 |       ||    34
   Cast: Sandblast         |       |    40 |       ||    40
  Evoke: Wand              |     5 |    25 |       ||    30
    Use: Scroll            |     2 |     7 |       ||     9
         Potion            |       |     4 |       ||     4
 Armour: Leather armour    |    24 |    30 |       ||    54
         Skin              |       |     6 |       ||     6
  Dodge: Dodged            |    64 |    81 |       ||   145
  Block: Other             |     1 |    26 |       ||    27
         Reflection        |       |     2 |       ||     2
